 Dungeon Crawl Stone Soup version 0.30-a0-371-gad7725a93e (webtiles) character file.

Game seed: 18352101555944025808

1849489 Lobster4 the Iron Dragon (level 27, 270/271 HPs)
             Began as a Grey Draconian Conjurer on Nov 20, 2022.
             Was the Champion of Vehumet.
             Escaped with the Orb
             ... and 4 runes on Nov 21, 2022!
             The game lasted 06:04:15 (106053 turns).

Lobster4 the Iron Dragon (DrCj)                   Turns: 106053, Time: 06:04:16

Health: 270/271    AC: 28    Str: 21    XL:     27
Magic:  47/47      EV: 21    Int: 33    God:    Vehumet [******]
Gold:   5553       SH: 11    Dex: 27    Spells: 3/48 levels left

rFire   + + .      SeeInvis +    b - +10 sling "Lixebeyth" {vorpal, MP+9 Str+2 SInv}
rCold   + . .      Faith    .    l - +3 buckler {rC+}
rNeg    . . .      Spirit   .    (body armour unavailable)
rPois   +          Reflect  .    M - +0 mask of the Dragon {Will+ Slay+3 SInv}
rElec   .          Harm     .    J - +2 cloak {Will+}
rCorr   +          Rampage  .    U - +2 pair of gloves {Dex+3}
Will    +++++                    H - +2 pair of boots of Pared {rPois Str+4}
Stlth   ++........               X - amulet "Ydumm" {RegenMP rF+ Regen+ Dex+4 Stlth+}
HPRegen 1.45/turn                s - ring of Insomnia {rPois rCorr Str+6 Int+4}
MPRegen 0.70/turn                y - ring of Huezaz {rPois rF+ Will+ Str-2 Dex+6}

@: hasted, studying 2 skills, very quick
A: AC +18, amphibious, unfitting armour, cold-blooded, clever 1, deterioration
1, shaggy fur 1, subdued magic 1, noise suppression
0: Orb of Zot
}: 4/15 runes: decaying, slimy, silver, gossamer
a: Renounce Religion


You escaped.
You worshipped Vehumet.
Vehumet was exalted by your worship.
You visited 12 branches of the dungeon, and saw 56 of its levels.
You visited 1 bazaar.

You collected 10523 gold pieces.
You spent 4970 gold pieces at shops.

Inventory:

Hand Weapons
 a - the +11 dagger of Disorder {freeze, rC+}
   (You bought it in a shop on level 15 of the Dungeon)

   It freezes those it strikes, dealing additional cold damage.
   It can also slow down cold-blooded creatures.
   rC:        It protects you from cold.
 b - the +10 sling "Lixebeyth" (weapon) {vorpal, MP+9 Str+2 SInv}
   (You found it on level 5 of the Lair of Beasts)

   Any ammunition fired from it inflicts extra damage upon your enemies.
   Str:       It affects your strength (+2).
   MP:        It affects your magic capacity (+9).
   SInv:      It lets you see invisible.
 B - the +11 flail of Lefitaw {vorpal, *Corrode rElec rPois rN++}
   (You found it on level 3 of the Depths)

   It inflicts extra damage upon your enemies.
   rElec:     It insulates you from electricity.
   rPois:     It protects you from poison.
   rN:        It greatly protects you from negative energy.
   *Corrode:  It may corrode you when you take damage.
 C - the +4 hand axe of Blood {speed, rElec Str+3}
   (You found it on level 15 of the Dungeon)

   Attacks with this weapon are significantly faster.
   Str:       It affects your strength (+3).
   rElec:     It insulates you from electricity.
Missiles
 k - 13 silver javelins
 T - 6 curare-tipped darts
Armour
 l - a +3 buckler of cold resistance (worn)
 H - the +2 pair of boots of Pared (worn) {rPois Str+4}
   (You found it on level 3 of the Elven Halls)

   Str:       It affects your strength (+4).
   rPois:     It protects you from poison.
 J - a +2 cloak of willpower (worn)
 M - the +0 mask of the Dragon (worn) {Will+ Slay+3 SInv}
   (You found it on level 3 of the Crypt)

   Slay:      It affects your accuracy & damage with ranged weapons and melee
   (+3).
   SInv:      It lets you see invisible.
   Will:      It increases your willpower.
 U - a +2 pair of gloves of dexterity (worn)
Magical Staves
 o - a staff of fire
Jewellery
 j - an amulet of reflection
 q - the ring "Ipeh Ydgh" {Drain rElec rPois rF+ Int+4}
   (You found it on level 5 of the Pits of Slime)

   [ring of poison resistance]

   Int:       It affects your intelligence (+4).
   rF:        It protects you from fire.
   rElec:     It insulates you from electricity.
   rPois:     It protects you from poison.
   Drain:     It drains your maximum health when unequipped.
 s - the ring of Insomnia (left hand) {rPois rCorr Str+6 Int+4}
   (You found it on level 3 of the Elven Halls)

   [ring of strength]

   Str:       It affects your strength (+6).
   Int:       It affects your intelligence (+4).
   rPois:     It protects you from poison.
   rCorr:     It protects you from acid and corrosion.
 y - the ring of Huezaz (right hand) {rPois rF+ Will+ Str-2 Dex+6}
   (You bought it in a shop on level 5 of the Vaults)

   [ring of dexterity]

   Str:       It affects your strength (-2).
   Dex:       It affects your dexterity (+6).
   rF:        It protects you from fire.
   rPois:     It protects you from poison.
   Will:      It increases your willpower.
 I - a ring of flight
 X - the amulet "Ydumm" (around neck) {RegenMP rF+ Regen+ Dex+4 Stlth+}
   (You found it on level 3 of the Crypt)

   [amulet of magic regeneration]

   It increases your rate of magic regeneration.
   Dex:       It affects your dexterity (+4).
   rF:        It protects you from fire.
   Regen:     It increases your rate of health regeneration.
   Stlth:     It makes you more stealthy.
Wands
 h - a wand of light (17)
 K - a wand of digging (37)
 L - a wand of paralysis (31)
 N - a wand of roots (43)
 S - a wand of mindburst (10)
Scrolls
 c - 3 scrolls of acquirement
 f - 18 scrolls of teleportation
 g - 9 scrolls of enchant weapon
 i - 5 scrolls of poison
 m - a scroll of blinking
 p - 6 scrolls of immolation
 t - 4 scrolls of silence
 D - 9 scrolls of butterflies
 O - 4 scrolls of fear
 R - a scroll of enchant armour
 W - 2 scrolls of magic mapping
Potions
 d - 21 potions of curing
 e - 4 potions of haste
 n - 7 potions of invisibility
 r - 6 potions of heal wounds
 u - 8 potions of brilliance
 v - 8 potions of mutation
 w - 9 potions of ambrosia
 x - 11 potions of might
 E - 6 potions of lignification
 G - 11 potions of flight
 Q - 11 potions of cancellation
 V - 5 potions of berserk rage
 Z - 2 potions of resistance
Miscellaneous
 z - a condenser vane
 A - a lightning rod (4/4)
 F - a phantom mirror
 Y - a tin of tremorstones (2/2)


   Skills:
 + Level 26.6 Fighting
 - Level 11.0 Short Blades
 - Level 14.5 Maces & Flails
 - Level 15.0 Ranged Weapons
 - Level 3.0 Throwing
 - Level 10.0 Dodging
 - Level 2.0 Stealth
 - Level 10.0 Shields
 - Level 11.0 Spellcasting
 * Level 24.7 Conjurations
 - Level 3.0 Hexes
 - Level 3.0 Translocations
 - Level 5.0 Ice Magic
 - Level 3.0 Air Magic
 O Level 27 Earth Magic
 - Level 3.0 Evocations


You had 3 spell levels left.
You knew the following spells:

 Your Spells              Type           Power      Damage    Failure   Level
a - Magic Dart            Conj           100%       1d8       0%          1
b - Searing Ray           Conj           100%       2d8       0%          2
c - Stone Arrow           Conj/Erth      100%       3d13      0%          3
d - Iron Shot             Conj/Erth      49%        9d9       0%          6
e - Lehudib's Crystal Sp  Conj/Erth      49%        10d12     1%          8
f - Shatter               Erth           50%        3d38*     1%          9
g - Freezing Cloud        Conj/Ice/Air   31%        6-21      1%          5
h - Iskenderun's Mystic   Conj/Tloc      71%        2d14      1%          4
o - Orb of Destruction    Conj           48%        9d13      1%          7

Your spell library contained the following spells:

 Spells                   Type           Power      Damage    Failure   Level
 Fire Storm               Conj/Fire      33%        8d9       98%         9
 Kiss of Death            Conj/Necr      100%       2d13      0%          1
 Passwall                 Tmut/Erth      58%        N/A       0%          2
 Static Discharge         Conj/Air       100%       2-7/arc   0%          2
 Dazzling Flash           Conj/Hex       100%       N/A       0%          3
 Hailstorm                Conj/Ice       74%        3d15      0%          3
 Apportation              Tloc           58%        N/A       1%          1
 Freeze                   Ice            100%       1d10      1%          1
 Slow                     Hex            100%       N/A       1%          1
 Ensorcelled Hibernation  Hex/Ice        68%        N/A       1%          2
 Confusing Touch          Hex            29%        N/A       1%          3
 Frozen Ramparts          Ice            78%        1d12      1%          3
 Ignite Poison            Fire/Tmut/Pois 13%        N/A       1%          3
 Inner Flame              Hex/Fire       21%        N/A       1%          3
 Kindle Blastsparks       Fire/Tloc/Air  48%        2d14      1%          3
 Mephitic Cloud           Conj/Pois/Air  57%        N/A       1%          3
 Ozocubu's Armour         Ice            39%        N/A       1%          3
 Portal Projectile        Hex/Tloc       58%        N/A       1%          3
 Tukima's Dance           Hex            29%        N/A       1%          3
 Vhi's Electric Charge    Tloc/Air       58%        N/A       1%          3
 Beastly Appendage        Tmut           26%        N/A       2%          1
 Cigotuvi's Dreadful Rot  Necr/Pois/Air  38%        N/A       2%          2
 Wereblood                Tmut           13%        N/A       3%          2
 Summon Guardian Golem    Hex/Summ       21%        N/A       3%          3
 Call Canine Familiar     Summ           13%        N/A       7%          3
 Spider Form              Tmut/Pois      13%        N/A       7%          3
 Vampiric Draining        Necr           13%        2d6       7%          3
 Iskenderun's Battlesphe  Conj           96%        2d14      0%          5
 Lee's Rapid Deconstruct  Erth           50%        3d24*     0%          5
 Flame Wave               Conj/Fire      67%        2d15      1%          4
 Fulminant Prism          Conj/Hex       35%        3d18      1%          4
 Leda's Liquefaction      Hex/Erth       37%        N/A       1%          4
 Petrify                  Tmut/Erth      70%        N/A       1%          4
 Arcjolt                  Conj/Air       35%        1d45      1%          5
 Fireball                 Conj/Fire      33%        3d14      1%          5
 Irradiate                Conj/Tmut      33%        3d22      1%          5
 Lightning Bolt           Conj/Air       35%        1d53      1%          5
 Conjure Ball Lightning   Conj/Air       35%        3x3d12    1%          6
 Starburst                Conj/Fire      33%        6d10      1%          6
 Statue Form              Tmut/Erth      46%        N/A       1%          6
 Spellforged Servitor     Conj/Summ      33%        N/A       3%          7
 Cause Fear               Hex            14%        N/A       7%          4
 Olgreb's Toxic Radiance  Pois           13%        N/A       7%          4
 Passage of Golubria      Tloc           29%        N/A       7%          4
 Ice Form                 Ice/Tmut       26%        N/A       9%          4
 Yara's Violent Unravell  Hex/Tmut       10%        3d6       11%         5
 Anguish                  Hex/Necr       10%        N/A       13%         4
 Summon Lightning Spire   Summ/Air       21%        N/A       13%         4
 Metabolic Englaciation   Hex/Ice        17%        N/A       13%         5
 Silence                  Hex/Air        14%        N/A       21%         5
 Animate Dead             Necr           13%        N/A       26%         4
 Dispel Undead            Necr           13%        3d9       26%         4
 Summon Forest            Summ/Tloc      10%        N/A       36%         5
 Summon Mana Viper        Hex/Summ       21%        N/A       36%         5
 Ozocubu's Refrigeration  Ice            19%        4d11      56%         7
 Alistair's Intoxication  Tmut/Pois      8%         N/A       58%         5
 Blade Hands              Tmut           6%         N/A       58%         5
 Simulacrum               Ice/Necr       13%        N/A       83%         6
 Death Channel            Necr           6%         N/A       99%         6
 Summon Cactus Giant      Summ           6%         N/A       99%         6
 Dragon Form              Tmut           6%         N/A       100%        7
 Haunt                    Necr/Summ      6%         N/A       100%        7
 Storm Form               Tmut/Air       10%        N/A       100%        7
 Borgnjor's Revivificati  Necr           6%         N/A       100%        8
 Discord                  Hex            14%        N/A       100%        8
 Ignition                 Fire           6%         3d4       100%        8
 Maxwell's Capacitive Co  Air            14%        ∞         100%        8
 Necromutation            Tmut/Necr      6%         N/A       100%        8
 Death's Door             Necr           6%         N/A       100%        9
 Dragon's Call            Summ           6%         N/A       100%        9
 Polar Vortex             Ice            19%        N/A       100%        9
 Animate Armour           Summ/Erth      Unusable   N/A       N/A         4

Dungeon Overview and Level Annotations

Branches:
Dungeon (15/15)            Temple (1/1) D:6            Lair (5/5) D:11
  Swamp (4/4) Lair:3       Spider (4/4) Lair:3        Slime (5/5) Lair:4
    Orc (2/2) D:12            Elf (3/3) Orc:2        Vaults (5/5) D:13
  Crypt (3/3) Vaults:2       Tomb (0/3) Crypt:3      Depths (4/4) D:15
    Zot (5/5) Depths:4

Altars:
Ashenzari
Cheibriados
Dithmenos
Elyvilon
Fedhas
Gozag
Hepliaklqana
Kikubaaqudgha
Makhleb
Nemelex Xobeh
Okawaru
Qazlal
Ru
Sif Muna
Trog
Uskayaw
Vehumet
Wu Jian
Xom
Yredelemnul
Zin
The Shining One
Jiyva

Shops:
D:4 *   D:10 [   D:11 [   D:15 (   Orc:2 ([?*   Elf:3 ?   Vaults:1 *
Vaults:5 :=?=   Depths:3 *

Portals:
Hell: Depths:1 Depths:2 Depths:3 Depths:4
Abyss: Depths:3 Depths:4
Pandemonium: Depths:2 Depths:3
Ziggurat: Depths:4
Trove: Depths:2 (give 5 potions of resistance)

Annotations:
D:13 2 runed translucent doors
Slime:5 Royal Jelly
Zot:5 exclusions: orange crystal statue and 1 more exclusion


Innate Abilities, Weirdness & Mutations

Your dull iron-grey scales are very hard. (AC +18)
You are amphibious.
You cannot fit into any form of body armour.
You are cold-blooded and may be slowed by cold attacks.
Your mind is acute. (Int +4, Str/Dex -1)
Your body sometimes deteriorates upon taking damage.
You are covered in fur. (AC +1)
Your spells are a little easier to cast, but a little less powerful.
You passively dampen the noise of your surroundings.


Message History

You feel clever.
You no longer feel a hidden potential within.
There is a stone staircase leading up here.
Unknown command.
You start resting.
Magic restored.
You start resting.
A green death comes into view.
You climb upwards.
There is a stone staircase leading down here.
Things that are here:
a +0 leather armour; a +0 hand axe
There is a stone staircase leading up, spattered with blood here.
You climb upwards.
There is a stone staircase leading down here.
Things that are here:
a +0 leather armour; a +0 morningstar HP restored.
There is a stone staircase leading up here.
You climb upwards.
There is a stone staircase leading down here.
You see here a +0 mace.
A smoke demon comes into view.
The smoke demon moves out of view.
There is a stone staircase leading up here.
You climb upwards.
There is a stone staircase leading down here.
An Orb Guardian comes into view.
A balrug and 2 sun demons come into view.
The sun demon shouts! x2
The balrug moves out of view.
A sun demon comes into view.
You feel yourself speed up. The Orb Guardian closely misses you.
You see here a human skeleton.
The balrug gestures at you. Something smites you!
There is an open door here.
There is a staircase leading out of the dungeon here.
The Orb Guardian misses you.
You have escaped!

### #..
#########.#
#.........#
###############
####.#.#.#.#.#.#..
#..##.....##.#...#
#@X'.3.3..÷..2.3..
#..##..##.#.##....
####.#.#÷#.#.#....
#########.#.###
#.# ######. #.#
#.. #.##### #..
#.....# ##.
#####.# #.


You could see an Orb Guardian and 2 sun demons.

Vanquished Creatures
  Dissolution (Slime:3)
  4 dread liches
  7 ancient liches
  2 juggernauts (Depths:3)
  3 orbs of fire
  Vv (Zot:1)
  Saint Roka (Depths:2)
  Frederick (Depths:4)
  Bai Suzhen (Depths:1)
  3 Killer Klowns (Zot:5)
  2 curse toes (Zot:3)
  14 golden dragons
  6 caustic shrikes
  A profane servitor (Depths:4)
  A Brimstone Fiend (D:5)
  2 bone dragons (Depths:4)
  7 electric golems
  Jorgrun (Spider:3)
  A walking crystal tome (Depths:3)
  20 tentacled monstrosities
  4 liches
  25 Orb Guardians (Zot:5)
  7 titans
  2 deep elf master archers (Elf:3)
  A walking frostbound tome (Depths:3)
  3 deep elf blademasters
  5 quicksilver dragons
  6 death cobs
  2 ancient champions (Crypt:2)
  24 acid blobs
  Kirke (D:14)
  8 sphinxes
  Gastronok (Lair:3)
  6 tengu reavers
  Donald (Elf:2)
  8 azure jellies
  4 revenants
  7 draconian monks
  11 shadow dragons
  10 rockslimes
  A fenstrider witch (Swamp:3)
  21 storm dragons
  16 frost giants
  Roxanne (Elf:3)
  14 vault wardens
  4 draconian knights
  8 fire giants
  2 iron dragons
  An emperor scorpion (Spider:4)
  4 deep elf sorcerers
  4 draconian scorchers
  6 ghost moths
  A caustic shrike zombie (Crypt:1)
  A balrug (Depths:3)
  2 curse skulls
  A draconian shifter (Zot:3)
  The ghost of MrSquiggles the Fencer, a journeyman MiIE of Okawaru (D:13)
  7 deep elf elementalists
  6 broodmothers
  7 ghouls
  10 quicksilver oozes
  10 war gargoyles
  6 spriggan defenders
  2 orc warlords
  2 draconian stormcallers (Zot:4)
  20 ironbound preservers
  11 very ugly things
  4 draconian annihilators
  4 ironbound thunderhulks
  16 stone giants
  16 green draconians
  7 vampire knights
  An eleionoma (Swamp:3)
  12 white draconians
  9 deep elf annihilators
  8 deep elf demonologists
  22 dire elephants
  4 bunyips
  12 black draconians
  15 purple draconians
  14 yellow draconians
  7 spark wasps
  13 red draconians
  A minotaur (D:1)
  9 ettins
  4 eidola
  2 crystal guardians
  12 deep elf death magi
  3 fire dragons
  10 jiangshi
  18 yaktaur captains
  10 great orbs of eyes
  6 entropy weavers
  Fannar (Orc:1)
  7 deep elf high priests
  A quicksilver dragon skeleton (Crypt:3)
  A rakshasa (D:14)
  2 fenstrider witch zombies
  2 ogre magi
  33 vault guards
  10 hydras
  6 ice dragons
  4 peacekeepers
  5 spriggan air magi
  A ghost crab (Swamp:1)
  7 ironbound frosthearts
  29 centaur warriors
  4 jorogumos
  2 demonspawn (D:1)
  Erica (D:9)
  A boulder beetle (shapeshifter) (Vaults:4)
  4 radroaches
  2 death knights (Crypt:1)
  2 boulder beetles
  10 two-headed ogres
  A catoblepas (Lair:5)
  A naga warrior (Depths:3)
  3 death yaks (Lair:5)
  7 alligators
  A bennu skeleton (Crypt:2)
  12 deep troll earth magi
  5 deep troll shamans
  9 vampire magi
  39 dancing weapons
  5 spriggan berserkers
  3 soul eaters
  2 orc high priests (Orc:2)
  8 spriggans
  27 deep elf knights
  2 hell knights
  3 sun demons
  Sonja (D:13)
  26 skeletal warriors
  A fire crab (Lair:5)
  7 iron trolls
  4 shadow wraiths
  A salamander mystic (Depths:3)
  4 steelbarb worms
  A golden dragon zombie (Crypt:2)
  4 goliath frogs
  2 storm dragon skeletons (Crypt:2)
  3 sun moths
  5 pharaoh ants
  65 deep trolls
  3 glowing orange brains
  A naga ritualist (Depths:3)
  6 swamp dragons
  13 flayed ghosts
  An orb spider (shapeshifter) (Elf:1)
  A spriggan druid (Swamp:3)
  A golden dragon skeleton (Crypt:3)
  7 wizards
  6 bog bodies
  7 orb spiders
  25 phantasmal warriors
  8 harpies
  A sphinx zombie (Crypt:2)
  29 deep elf zephyrmancers
  4 necromancers
  16 lindwurms
  A spriggan simulacrum (Crypt:1)
  7 orc knights
  An anaconda skeleton (Crypt:3)
  A lindwurm (shapeshifter) (D:14)
  17 deep elf archers
  27 deep elf pyromancers
  A mana viper (shapeshifter) (Vaults:5)
  16 ugly things
  A draconian (D:1)
  5 shining eyes
  17 wolf spiders
  21 ironbound convokers
  6 manticores
  28 moths of wrath
  6 orc sorcerers
  A faun (shapeshifter) (Vaults:5)
  A cyclops (shapeshifter) (Elf:1)
  6 cyclopes
  A sphinx skeleton (Crypt:1)
  A shadow dragon skeleton (Vaults:2)
  2 salamanders (Depths:3)
  6 will-o-the-wisps
  A naga mage (Depths:3)
  A centaur zombie (Crypt:1)
  19 vault sentinels
  7 fire giant skeletons (Crypt:3)
  An octopode (D:1)
  2 rust devils (Depths:2)
  2 eyes of devastation (Slime:5)
  2 elephants (Lair:5)
  7 gargoyles
  11 torpor snails
  An eye of devastation (shapeshifter) (Vaults:3)
  9 cane toads
  Maggie (D:6)
  An orange demon (Depths:4)
  A cane toad (shapeshifter) (Depths:4)
  A shock serpent skeleton (Crypt:1)
  A hellion (Depths:2)
  2 unseen horrors
  A vine stalker (D:1)
  An armataur (D:1)
  5 demonic crawlers
  3 rime drakes (Lair:5)
  2 kobold demonologists
  A hellwing (Zot:2)
  3 guardian mummies (Crypt:3)
  10 freezing wraiths
  An elf (D:1)
  38 yaktaurs
  A komodo dragon (shapeshifter) (Elf:2)
  9 komodo dragons
  10 trolls
  A yaktaur skeleton (Vaults:2)
  A purple draconian skeleton (Crypt:2)
  A polar bear (Lair:4)
  16 hornets
  A tyrant leech (shapeshifter) (Vaults:4)
  9 tyrant leeches
  5 bloated husks
  6 blink frogs (Lair:5)
  A merfolk (D:1)
  23 tarantellas
  A blink frog (shapeshifter) (Vaults:5)
  8 saltlings (Orc:2)
  A harpy skeleton (Crypt:1)
  135 slime creatures
  A hydra skeleton (Crypt:3)
  A snapping turtle (shapeshifter) (Vaults:5)
  A guardian serpent zombie (Crypt:1)
  7 dream sheep (Lair:5)
  4 air elementals
  A formicid (D:1)
  9 fire dragon skeletons (Crypt:3)
  22 jumping spiders
  6 shadows
  An ettin skeleton (Crypt:3)
  18 culicivoras
  5 wyverns
  10 wraiths
  5 vampires
  A ynoxinul (Zot:5)
  An ushabti (Crypt:3)
  2 water elementals
  4 hogs (D:14)
  A slime creature zombie (Crypt:1)
  52 yaks
  7 fire elementals
  30 vampire mosquitoes
  3 basilisks
  2 black mamba skeletons
  9 golden eyes
  6 swamp worm simulacra (Swamp:4)
  A human (D:1)
  38 redbacks
  3 steam dragons
  Menkaure (D:7)
  A naga (D:1)
  A demigod (D:1)
  7 wargs
  15 swamp worms
  A meteoran (D:1)
  10 water moccasins
  The ghost of sirJeffrey23 the Conjurer, an amateur TeCj (D:3)
  A floating eye (shapeshifter) (Vaults:5)
  15 hydra simulacra (Swamp:4)
  An ogre skeleton (Vaults:2)
  A floating eye (Depths:1)
  34 orc warriors
  A sky beast (D:6)
  A swamp drake (Swamp:3)
  3 ice beasts
  A black bear (Lair:1)
  A tengu (D:1)
  7 wolves
  9 ogres
  3 centaurs
  A felid (D:1)
  A phantom (D:5)
  6 kobold brigands
  A cyclops zombie (Crypt:1)
  9 bullfrogs
  A human zombie (Vaults:2)
  6 necrophages
  A draconian skeleton (Crypt:1)
  A scorpion (D:6)
  3 earth elementals
  15 wights
  3 killer bees (D:11)
  A killer bee (shapeshifter) (Vaults:5)
  An electric eel (Lair:3)
  4 howler monkeys
  3 hounds
  19 orc priests
  3 jellies
  3 iguanas
  Crazy Yiuf (D:7)
  22 orc wizards
  Natasha (thrice) (D:2)
  A boggart skeleton (Crypt:2)
  9 mummies
  9 adders
  3 gnolls (D:6)
  2 white imps (D:6)
  2 ufetubi
  2 swamp drake simulacra (Swamp:4)
  A worm zombie (Crypt:1)
  3 worms
  3 dart slugs
  71 orcs
  8 ball pythons
  4 bats
  5 endoplasms
  A giant cockroach (D:3)
  8 goblins
  10 hobgoblins
  6 jackals
  3 quokkas
  7 frilled lizards
  33 kobolds
  8 rats
  A rat zombie (D:8)
2350 creatures vanquished.

Vanquished Creatures (collateral kills)
  A dancing weapon (Elf:2)
  An orc knight (Orc:2)
  A deep elf zephyrmancer (Elf:2)
  A cyclops (Orc:2)
  An orc warrior (Orc:2)
  A jelly (D:5)
  An orc priest (D:5)
  5 orcs (D:5)
12 creatures vanquished.

Vanquished Creatures (others)
  A draconian knight (Zot:3)
  A bunyip (Swamp:4)
  A hydra (Swamp:4)
  A peacekeeper (Vaults:4)
  A tengu warrior (Depths:1)
  A deep elf knight (Elf:1)
  2 water elementals (Elf:2)
  A swamp worm (Swamp:4)
  14 foxfires
  26 fungi
  A pillar of salt (Orc:2)
  66 plants
  3 withered plants (Crypt:3)
119 creatures vanquished.

Grand Total: 2481 creatures vanquished

Notes
Turn   | Place    | Note
-------+----------+-------------------------------------------
     0 | D:1      | Lobster4 the Draconian Conjurer began the quest for the
                  | Orb.
     0 | D:1      | Reached XP level 1. HP: 14/14 MP: 3/3
     2 | D:1      | Noticed a spriggan
     2 | D:1      | Noticed an octopode
     4 | D:1      | Noticed a meteoran
     4 | D:1      | Noticed a tengu
     6 | D:1      | Noticed a gargoyle
     6 | D:1      | Noticed a naga
     8 | D:1      | Noticed a human
     8 | D:1      | Noticed a demigod
    10 | D:1      | Noticed a demonspawn
    10 | D:1      | Noticed a merfolk
    12 | D:1      | Noticed a ghoul
    12 | D:1      | Noticed an elf
    14 | D:1      | Noticed a draconian
    14 | D:1      | Noticed a minotaur
    16 | D:1      | Noticed a troll
    16 | D:1      | Noticed a vampire
    18 | D:1      | Noticed a formicid
    20 | D:1      | Noticed a vine stalker
    22 | D:1      | Noticed a felid
    22 | D:1      | Noticed an armataur
    24 | D:1      | Noticed a gargoyle
    26 | D:1      | Noticed a demonspawn
    26 | D:1      | Noticed a ghoul
   249 | D:1      | Reached XP level 2. HP: 22/22 MP: 1/5
   451 | D:1      | Learned a level 2 spell: Searing Ray
   547 | D:1      | Reached skill level 1 in Fighting
   807 | D:1      | Reached XP level 3. HP: 27/28 MP: 4/6
  1461 | D:2      | Found a glowing silver altar of Zin.
  1923 | D:2      | Noticed Natasha
  1933 | D:2      | Killed Natasha
  1934 | D:2      | Reached skill level 1 in Short Blades
  1934 | D:2      | Reached XP level 4. HP: 36/36 MP: 1/7
  2267 | D:2      | Noticed Natasha
  2275 | D:2      | Killed Natasha
  2448 | D:2      | Reached XP level 5. HP: 41/41 MP: 4/9
  2602 | D:2      | Noticed Natasha
  2607 | D:2      | Killed Natasha
  3233 | D:3      | Found a runed translucent door.
  3234 | D:3      | Noticed sirJeffrey23's ghost (amateur TeCj)
  3459 | D:3      | Reached XP level 6. HP: 24/50 MP: 2/10
  3765 | D:4      | Reached skill level 5 in Conjurations
  4028 | D:4      | Found Ucetex's Assorted Antiques.
  4249 | D:4      | Your scales start taking on a dull iron-grey colour.
  4249 | D:4      | Reached XP level 7. HP: 57/57 MP: 8/12
  4729 | D:4      | Found Yklecodd's Magic Scroll Emporium.
  4732 | D:4      | Bought a scroll of noise for 13 gold pieces
  4748 | D:4      | Bought a scroll of identify for 26 gold pieces
  4761 | D:4      | Bought a scroll of summoning for 123 gold pieces
  4761 | D:4      | Bought a scroll of immolation for 52 gold pieces
  4761 | D:4      | Bought a scroll of amnesia for 52 gold pieces
  4862 | D:5      | Entered Level 5 of the Dungeon
  4927 | D:5      | Reached skill level 1 in Earth Magic
  4983 | D:5      | Reached skill level 1 in Evocations
  5201 | D:5      | Reached skill level 1 in Throwing
  5317 | D:5      | Reached XP level 8. HP: 67/67 MP: 4/14
  5534 | D:5      | Noticed a two-headed ogre
  6105 | D:6      | Reached skill level 2 in Earth Magic
  6375 | D:6      | Learned a level 4 spell: Iskenderun's Mystic Blast
  6709 | D:6      | Found a staircase to the Ecumenical Temple.
  6728 | D:6      | Reached skill level 5 in Fighting
  6738 | Temple   | Entered the Ecumenical Temple
  6745 | Temple   | Became a worshipper of Vehumet
  6902 | D:6      | Reached skill level 5 in Spellcasting
  6902 | D:6      | Reached skill level 1 in Translocations
  6980 | D:6      | Reached skill level 5 in Dodging
  7074 | D:6      | Noticed Maggie
  7097 | D:6      | Killed Maggie
  7098 | D:6      | Reached XP level 9. HP: 25/75 MP: 1/17
  7513 | D:6      | Found a glowing golden altar of the Shining One.
  7664 | D:6      | Found a blossoming altar of Fedhas.
  7902 | D:7      | You fall into a shaft and drop 3 floors!
  7902 | D:10     | Entered Level 10 of the Dungeon
  7906 | D:10     | Noticed a troll
  7916 | D:10     | Killed a troll
  7917 | D:10     | Reached skill level 1 in Maces & Flails
  8159 | D:10     | Noticed a kobold demonologist
  8176 | D:10     | Killed a kobold demonologist
  8263 | D:10     | Found Cetuuf Joli's Antique Armour Emporium.
  8321 | D:10     | Reached skill level 1 in Shields
  8344 | D:10     | Reached * piety under Vehumet
  8344 | D:10     | Offered knowledge of Freeze by Vehumet.
  8353 | D:10     | Reached XP level 10. HP: 39/84 MP: 1/19
  9026 | D:7      | Noticed Menkaure
  9030 | D:7      | Killed Menkaure
  9872 | D:7      | Found a runed translucent door.
  9873 | D:7      | Noticed Crazy Yiuf
  9879 | D:7      | Killed Crazy Yiuf
 10305 | D:8      | Offered knowledge of Poisonous Vapours by Vehumet.
 10449 | D:8      | Found an ancient bone altar of Kikubaaqudgha.
 10807 | D:8      | Noticed a centaur warrior
 10818 | D:8      | Killed a centaur warrior
 10913 | D:8      | Reached ** piety under Vehumet
 11343 | D:4      | Bought a scroll of identify for 26 gold pieces
 11343 | D:4      | Bought a scroll of identify for 26 gold pieces
 11343 | D:4      | Bought a scroll of identify for 26 gold pieces
 11542 | D:9      | Paralysed by a hornet for 1 turns
 11940 | D:9      | Noticed a two-headed ogre
 11954 | D:9      | Killed a two-headed ogre
 12060 | D:9      | Found a hide-covered altar of Uskayaw.
 12061 | D:9      | Noticed Erica
 12068 | D:9      | Killed Erica
 12069 | D:9      | Reached skill level 5 in Maces & Flails
 12069 | D:9      | Reached XP level 11. HP: 94/94 MP: 16/21
 12345 | D:9      | Offered knowledge of Stone Arrow by Vehumet.
 12350 | D:9      | Learned a level 3 spell: Stone Arrow
 12661 | D:10     | Bought a pair of glowing gloves for 240 gold pieces
 13011 | D:11     | Found a snail-covered altar of Cheibriados.
 13070 | D:11     | Reached skill level 5 in Shields
 13191 | D:11     | Found a staircase to the Lair.
 13511 | D:11     | Noticed a centaur warrior
 13528 | D:11     | Killed a centaur warrior
 13903 | D:11     | Found Omuitz's Antique Armour Shoppe.
 13971 | D:11     | Reached skill level 3 in Earth Magic
 14026 | D:11     | Noticed a two-headed ogre
 14035 | D:11     | Killed a two-headed ogre
 14196 | D:11     | Reached *** piety under Vehumet
 14657 | D:12     | Noticed a boulder beetle
 14807 | D:12     | Killed a boulder beetle
 14950 | D:12     | Reached skill level 4 in Earth Magic
 15234 | D:12     | Offered knowledge of Ignite Poison by Vehumet.
 15313 | D:12     | Noticed a wizard
 15367 | Lair:1   | Entered Level 1 of the Lair of Beasts
 15886 | Lair:1   | Reached XP level 12. HP: 39/104 MP: 13/24
 16237 | Lair:1   | Reached skill level 5 in Earth Magic
 16458 | Lair:1   | Noticed a seven-headed hydra
 16473 | Lair:1   | Killed a seven-headed hydra
 17530 | Lair:2   | Reached **** piety under Vehumet
 17537 | Lair:2   | Reached skill level 10 in Conjurations
 17703 | Lair:2   | Reached skill level 6 in Earth Magic
 17921 | Lair:2   | Identified the +7 trident of Ududeut {antimagic, rC+ Will+
                  | Dex+2}
 18230 | Lair:2   | Reached skill level 10 in Fighting
 18303 | Lair:2   | Offered knowledge of Frozen Ramparts by Vehumet.
 18308 | Lair:2   | Learned a level 3 spell: Frozen Ramparts
 18629 | Lair:3   | Noticed Gastronok
 18673 | Lair:3   | Killed Gastronok
 18674 | Lair:3   | Reached skill level 1 in Ice Magic
 19140 | Lair:3   | Found a staircase to the Swamp.
 19626 | Lair:3   | Found a hole to the Spider Nest.
 20040 | Lair:4   | Identified the +0 chain mail of an ice cave {Harm rPois
                  | rN+}
 20280 | Lair:4   | Noticed a four-headed hydra
 20290 | Lair:4   | Killed a four-headed hydra
 20291 | Lair:4   | Reached skill level 7 in Earth Magic
 20291 | Lair:4   | Reached XP level 13. HP: 109/114 MP: 22/26
 20846 | Lair:4   | Found a viscous altar of Jiyva.
 20861 | Lair:4   | Found a staircase to the Slime Pits.
 21080 | Lair:5   | Entered Level 5 of the Lair of Beasts
 21177 | Lair:5   | Reached ***** piety under Vehumet
 21392 | Lair:5   | Offered knowledge of Arcjolt by Vehumet.
 22032 | Lair:5   | Reached skill level 8 in Earth Magic
 22496 | Lair:5   | Noticed a dire elephant
 23004 | Lair:5   | Found a runed translucent door.
 23005 | Lair:5   | Noticed a fire dragon
 23099 | Lair:5   | Paralysed by a hornet for 2 turns
 23480 | Lair:5   | Reached XP level 14. HP: 124/124 MP: 24/27
 23621 | Lair:5   | Learned a level 4 spell: Leda's Liquefaction
 23775 | Lair:5   | Identified the +10 sling "Lixebeyth" {vorpal, MP+9 Str+2
                  | SInv}
 24258 | Lair:5   | Reached skill level 5 in Ice Magic
 24667 | D:12     | Reached skill level 10 in Spellcasting
 24774 | D:12     | Reached skill level 1 in Hexes
 24777 | D:12     | Identified the +1 rapier of the Spider Nest {drain, rC++
                  | rN++ Dex-3}
 24831 | D:12     | Reached skill level 1 in Ranged Weapons
 24921 | D:12     | Found a shimmering blue altar of Sif Muna.
 25044 | D:12     | Found a staircase to the Orcish Mines.
 25182 | D:12     | Reached skill level 9 in Earth Magic
 25957 | Orc:1    | Entered Level 1 of the Orcish Mines
 25957 | Orc:1    | Noticed an orc warlord
 25969 | Orc:1    | Killed an orc warlord
 26070 | Orc:1    | Offered knowledge of Sticky Flame by Vehumet.
 26415 | Orc:2    | Entered Level 2 of the Orcish Mines
 26686 | Orc:1    | Noticed Fannar
 26708 | Orc:1    | Killed Fannar
 28138 | Orc:2    | Found Vuix's Weapon Emporium.
 28688 | Orc:2    | Found a staircase to the Elven Halls.
 28846 | Orc:2    | Found Foheanuf's Antique Armour Shop.
 28868 | Orc:2    | Found Uhiys's Magic Scroll Shop.
 28897 | Orc:2    | Found Cotrati's Assorted Antiques.
 28897 | Orc:2    | Noticed an orc warlord
 28900 | Orc:2    | Killed an orc warlord
 29364 | D:3      | Killed sirJeffrey23's ghost
 29737 | D:13     | Found a radiant altar of Vehumet.
 29764 | D:13     | Noticed Sonja
 29769 | D:13     | Killed Sonja
 30264 | D:13     | Found a runed translucent door.
 30269 | D:13     | Noticed a war gargoyle
 30269 | D:13     | Noticed a lich
 30274 | D:13     | Noticed MrSquiggles's ghost (journeyman MiIE)
 30277 | D:13     | Found a runed translucent door.
 30338 | D:13     | Reached XP level 15. HP: 115/131 MP: 29/29
 30380 | D:13     | Identified the +0 leather armour "Runiamij" {Will++ Int-3
                  | Dex+3 Stlth+}
 30467 | D:13     | Found a gate to the Vaults.
 30564 | D:13     | Reached skill level 10 in Earth Magic
 30762 | D:13     | Identified the +3 arbalest of Nimeamia {vorpal, rPois rF-
                  | rN+ Int+5}
 30844 | D:10     | Offered knowledge of Freezing Cloud by Vehumet.
 30856 | D:10     | Learned a level 5 spell: Freezing Cloud
 30865 | D:10     | Bought a pair of glowing gloves for 240 gold pieces
 31372 | D:14     | Noticed Kirke
 31381 | D:14     | Killed Kirke
 32156 | D:14     | Reached skill level 10 in Maces & Flails
 32780 | D:15     | Entered Level 15 of the Dungeon
 32780 | D:15     | Found Woplic's Antique Weapon Shoppe.
 32818 | D:15     | Bought a pitted dagger for 210 gold pieces
 32818 | D:15     | Identified the +11 dagger of Disorder {freeze, rC+} (You
                  | bought it in a shop on level 15 of the Dungeon)
 33016 | D:15     | Reached skill level 1 in Air Magic
 33497 | D:15     | Found a staircase to the Depths.
 34204 | D:15     | Identified the +4 hand axe of Blood {speed, rElec Str+3}
 34452 | Spider:1 | Entered Level 1 of the Spider Nest
 35249 | Spider:1 | Reached skill level 5 in Ranged Weapons
 36346 | Spider:2 | You fall into a shaft and drop 1 floor!
 36492 | Spider:3 | Offered knowledge of Irradiate by Vehumet.
 38189 | Spider:2 | Reached XP level 16. HP: 134/143 MP: 30/31
 39303 | Spider:3 | Reached skill level 10 in Dodging
 39448 | Spider:3 | Noticed Jorgrun
 39454 | Spider:3 | Killed Jorgrun
 40076 | Spider:4 | Entered Level 4 of the Spider Nest
 40088 | Spider:4 | Offered knowledge of Starburst by Vehumet.
 42943 | Spider:3 | Learned a level 7 spell: Orb of Destruction
 43409 | Spider:4 | Got a gossamer rune of Zot
 43423 | Spider:4 | Upgraded the game from 0.30-a0-368-g86fb4627a9 to
                  | 0.30-a0-371-gad7725a93e
 43589 | Swamp:1  | Entered Level 1 of the Swamp
 44169 | Swamp:1  | Offered knowledge of Yara's Violent Unravelling by Vehumet.
 45033 | Swamp:3  | Reached XP level 17. HP: 147/154 MP: 32/32
 45543 | Swamp:3  | Reached skill level 15 in Fighting
 46094 | Swamp:3  | Reached skill level 11 in Earth Magic
 46426 | Swamp:4  | Entered Level 4 of the Swamp
 46820 | Swamp:4  | Offered knowledge of Conjure Ball Lightning by Vehumet.
 46998 | Swamp:4  | Learned a level 6 spell: Iron Shot
 47433 | Swamp:4  | Got a decaying rune of Zot
 47784 | Elf:1    | Entered Level 1 of the Elven Halls
 47825 | Elf:1    | Reached skill level 15 in Conjurations
 48028 | Elf:1    | Paralysed by an air elemental for 1 turns
 48167 | Elf:1    | Reached skill level 5 in Short Blades
 48804 | Elf:1    | Reached skill level 12 in Earth Magic
 49410 | Elf:2    | Reached skill level 10 in Ranged Weapons
 49616 | Elf:2    | Found a runed translucent door.
 49627 | Elf:2    | Noticed Donald
 49628 | Elf:2    | Reached XP level 18. HP: 158/166 MP: 27/33
 49636 | Elf:2    | Killed Donald
 49749 | Elf:2    | Found a runed translucent door.
 49954 | Elf:2    | Reached ****** piety under Vehumet
 51419 | Elf:2    | Offered knowledge of Fire Storm by Vehumet.
 51419 | Elf:2    | Offered knowledge of Shatter by Vehumet.
 51419 | Elf:2    | Offered knowledge of Ignition by Vehumet.
 51627 | Elf:3    | Entered Level 3 of the Elven Halls
 51852 | Elf:3    | Found Hyariaze's Magic Scroll Shop.
 51867 | Elf:3    | Bought a scroll of teleportation for 60 gold pieces
 51867 | Elf:3    | Bought a scroll of teleportation for 60 gold pieces
 51937 | Elf:3    | Identified the ring of Insomnia {rPois rCorr Str+6 Int+4}
 52160 | D:10     | Bought an embroidered scarf for 256 gold pieces
 52403 | Elf:3    | Identified Roxanne's Secrets of Silt
 52403 | Elf:3    | Noticed Roxanne
 52446 | Elf:3    | Killed Roxanne
 52457 | Elf:3    | Learned a level 2 spell: Passwall
 53071 | Elf:3    | Noticed an Ice Fiend
 53255 | Elf:3    | Noticed a Tzitzimitl
 53316 | Elf:3    | Paralysed by an air elemental for 1 turns
 53384 | Elf:3    | Reached XP level 19. HP: 177/177 MP: 34/34
 53465 | Elf:3    | Reached skill level 13 in Earth Magic
 53605 | Elf:3    | Noticed a Brimstone Fiend
 53836 | Elf:3    | Got the Catalogue of Unholy Rallying
 53855 | Elf:3    | Noticed a Tzitzimitl
 54045 | Elf:3    | Identified the +5 battleaxe "Yphupat" {vorpal, *Rage rElec
                  | rCorr Str+6}
 54048 | Elf:3    | Identified the +2 pair of boots of Pared {rPois Str+4}
 54108 | Elf:3    | Got Piasoej's Almanac of Concussion and Spellbinding
 54219 | Elf:3    | Identified the +6 glaive "Waudeb" {distort, rPois rF+
                  | rCorr}
 54449 | Vaults:1 | Entered Level 1 of the Vaults
 54581 | Orc:2    | Bought a scroll of blinking for 180 gold pieces
 55213 | Vaults:1 | Reached skill level 10 in Short Blades
 55232 | Vaults:1 | HP: 2/179 [dire elephant (25)]
 55731 | Vaults:1 | Reached skill level 14 in Earth Magic
 56008 | Vaults:1 | HP: 7/179 [yaktaur captain/bolt (3)]
 56388 | Vaults:1 | Reached skill level 15 in Earth Magic
 57333 | Vaults:1 | Found Zemog's General Store.
 57495 | Vaults:1 | Bought a scroll of acquirement for 728 gold pieces
 57495 | Vaults:1 | Acquired 894 gold pieces
 57977 | Vaults:2 | Reached XP level 20. HP: 185/189 MP: 35/35
 58013 | Vaults:2 | Found a staircase to the Crypt.
 58201 | Vaults:2 | Reached skill level 16 in Earth Magic
 59608 | Vaults:2 | Reached skill level 17 in Earth Magic
 61317 | Vaults:3 | Reached skill level 18 in Earth Magic
 61852 | Vaults:3 | Identified the +1 scale mail of Modesty {*Slow Int+9}
 62144 | Vaults:4 | Found a flickering gateway to a bazaar.
 62153 | Bazaar   | Entered a bazaar
 62154 | Bazaar   | Found Wifeozoa's Distillery.
 62154 | Bazaar   | Found Milumn's General Store.
 62155 | Bazaar   | Found Seac Ihex's General Store.
 62201 | Bazaar   | Found Asadisch's Magic Scroll Emporium.
 62222 | Bazaar   | Bought a scroll of acquirement for 832 gold pieces
 62222 | Bazaar   | Acquired 414 gold pieces
 62224 | Bazaar   | Bought a wand of roots (1) for 38 gold pieces
 62224 | Bazaar   | Bought a potion of curing for 48 gold pieces
 62235 | Bazaar   | Bought an amulet of reflection for 240 gold pieces
 62235 | Bazaar   | Bought a scroll of teleportation for 24 gold pieces
 62235 | Bazaar   | Bought a scroll of butterflies for 32 gold pieces
 62246 | Bazaar   | Bought a potion of heal wounds for 45 gold pieces
 62246 | Bazaar   | Bought a potion of curing for 27 gold pieces
 62246 | Bazaar   | Bought a potion of curing for 27 gold pieces
 62246 | Bazaar   | Bought a potion of curing for 27 gold pieces
 62257 | Bazaar   | Bought a scroll of butterflies for 36 gold pieces
 62257 | Bazaar   | Bought a scroll of magic mapping for 67 gold pieces
 62257 | Bazaar   | Bought a scroll of fear for 36 gold pieces
 62257 | Bazaar   | Bought a scroll of teleportation for 27 gold pieces
 62268 | Bazaar   | Bought 2 potions of ambrosia for 144 gold pieces
 62268 | Bazaar   | Bought a potion of lignification for 27 gold pieces
 62268 | Bazaar   | Bought 2 potions of ambrosia for 144 gold pieces
 62268 | Bazaar   | Bought a potion of cancellation for 72 gold pieces
 62268 | Bazaar   | Bought a potion of might for 36 gold pieces
 62517 | Vaults:4 | Reached XP level 21. HP: 192/199 MP: 8/36
 63298 | Vaults:4 | Reached skill level 19 in Earth Magic
 64229 | Depths:1 | Entered Level 1 of the Depths
 64229 | Depths:1 | Noticed Bai Suzhen
 64229 | Depths:1 | Found a gateway to Hell.
 64236 | Depths:1 | Killed Bai Suzhen
 66027 | Depths:2 | Reached skill level 20 in Earth Magic
 66556 | Depths:2 | Identified the +1 trident of the Hungering Seer {elec,
                  | rPois Will+ Dex+3}
 66591 | Depths:2 | Noticed a caustic shrike
 66594 | Depths:2 | Killed a caustic shrike
 67375 | Depths:2 | Found a one-way gate leading to the halls of Pandemonium.
 67602 | Depths:2 | Noticed Saint Roka
 67608 | Depths:2 | Killed Saint Roka
 68104 | Depths:2 | Found a portal to a secret trove of treasure.
 68696 | Depths:3 | Found a one-way gate to the infinite horrors of the Abyss.
 68965 | Depths:3 | Reached XP level 22. HP: 172/211 MP: 16/37
 69402 | Depths:3 | Noticed a juggernaut
 69403 | Depths:3 | Noticed a juggernaut
 69709 | Depths:3 | Killed a juggernaut
 69978 | Depths:3 | Found Kenlepp's Serpentskin Sales.
 70157 | Depths:3 | Reached skill level 21 in Earth Magic
 70259 | Depths:3 | Killed a juggernaut
 70392 | Depths:3 | Identified the +11 flail of Lefitaw {vorpal, *Corrode rElec
                  | rPois rN++}
 70584 | Depths:4 | Entered Level 4 of the Depths
 70609 | Depths:4 | Noticed a golden dragon
 71259 | Depths:4 | Noticed Frederick
 71265 | Depths:4 | Killed Frederick
 71351 | Depths:4 | Killed a golden dragon
 71435 | Depths:4 | Noticed a caustic shrike
 71435 | Depths:4 | Noticed a caustic shrike
 71435 | Depths:4 | Noticed a caustic shrike
 71435 | Depths:4 | Noticed a caustic shrike
 71436 | Depths:4 | Noticed a caustic shrike
 71441 | Depths:4 | Killed a caustic shrike
 71448 | Depths:4 | Killed a caustic shrike
 71452 | Depths:4 | Killed a caustic shrike
 71453 | Depths:4 | Killed a caustic shrike
 71455 | Depths:4 | Killed a caustic shrike
 72370 | Depths:4 | Found a one-way gateway to a ziggurat.
 72523 | Depths:4 | Found a gate to the Realm of Zot.
 73023 | Vaults:1 | Learned a level 9 spell: Shatter
 73147 | Vaults:5 | Entered Level 5 of the Vaults
 73149 | Vaults:5 | Noticed a golden dragon
 73150 | Vaults:5 | Reached skill level 22 in Earth Magic
 73283 | Vaults:4 | Killed a golden dragon
 73738 | Vaults:4 | Reached XP level 23. HP: 182/220 MP: 38/38
 75397 | Vaults:5 | Reached skill level 23 in Earth Magic
 76435 | Vaults:5 | Reached skill level 10 in Shields
 76774 | Vaults:5 | Got the Anthology of Outbursts and the Lungs
 76909 | Vaults:5 | Found Dujaegh's Magic Scroll Shoppe.
 76909 | Vaults:5 | Found Osinaom's Jewellery Shoppe.
 76928 | Vaults:5 | Identified the +4 fire dragon scales of the Endless Expanse
                  | {rF++ rC- Regen+ MP+9 Dex-2}
 76991 | Vaults:5 | Found Xynlaf's Jewellery Shop.
 76999 | Vaults:5 | Found Weirupro's Book Shoppe.
 77297 | Vaults:5 | Got a silver rune of Zot
 78120 | Crypt:1  | Entered Level 1 of the Crypt
 80509 | Crypt:2  | Noticed an ancient lich
 80515 | Crypt:2  | Killed an ancient lich
 80587 | Crypt:2  | Reached XP level 24. HP: 231/231 MP: 31/38
 80712 | Crypt:2  | Reached skill level 24 in Earth Magic
 81767 | Crypt:3  | Entered Level 3 of the Crypt
 82480 | Crypt:3  | Found the +0 mask of the Dragon {Will+ Slay+3 SInv}
 82494 | Crypt:3  | Got the Handbook of Domination
 83047 | Crypt:3  | Identified the amulet "Ydumm" {RegenMP rF+ Regen+ Dex+4
                  | Stlth+}
 83200 | Crypt:3  | Found a staircase to the Tomb.
 84029 | Crypt:3  | Found an ancient bone altar of Kikubaaqudgha.
 84144 | Crypt:3  | Noticed a dread lich
 84150 | Crypt:3  | Killed a dread lich
 84249 | Crypt:3  | Noticed a dread lich
 84252 | Crypt:3  | Killed a dread lich
 84703 | Slime:1  | Entered Level 1 of the Pits of Slime
 85060 | Slime:1  | Found a viscous altar of Jiyva.
 87288 | D:13     | Reached skill level 25 in Earth Magic
 87436 | D:13     | Killed MrSquiggles's ghost
 87785 | Vaults:5 | Bought the ring of Huezaz {rPois rF+ Will+ Str-2 Dex+6} for
                  | 611 gold pieces
 88248 | Slime:3  | Noticed Dissolution
 88526 | Slime:3  | Killed Dissolution
 90040 | Slime:5  | Entered Level 5 of the Pits of Slime
 90122 | Slime:5  | Reached XP level 25. HP: 225/240 MP: 32/38
 90398 | Slime:5  | Gained mutation: You sometimes lose your temper in combat.
                  | [a shining eye]
 90401 | Slime:4  | Gained mutation: You are dopey. (Int -2) [a shining eye]
 90645 | Slime:5  | Noticed the Royal Jelly
 91331 | Slime:5  | Gained mutation: Your spells are a little easier to cast,
                  | but a little less powerful. [a shining eye]
 91512 | Slime:5  | Found a viscous altar of Jiyva.
 91522 | Slime:5  | Identified the ring "Ipeh Ydgh" {Drain rElec rPois rF+
                  | Int+4}
 91539 | Slime:5  | Found the +4 moon troll leather armour {Spirit, Regen++
                  | MP+5}
 91563 | Slime:5  | Got a slimy rune of Zot
 91564 | Slime:5  | Identified the amulet of the Skies Above {Spirit *Corrode
                  | rC+ MP+9 Dex+2}
 91565 | Slime:5  | Identified the +10 sling of the Dripping Priest {freeze,
                  | Dex+6}
 91692 | Slime:5  | Identified the +3 whip of the Lamprey {flame, rF+ Will+}
 91732 | Slime:5  | Lost mutation: You sometimes lose your temper in combat.
                  | [potion of mutation]
 91732 | Slime:5  | Lost mutation: You are dopey. (Int -2) [potion of mutation]
 91732 | Slime:5  | Lost mutation: Your spells are a little easier to cast, but
                  | a little less powerful. [potion of mutation]
 91732 | Slime:5  | Gained mutation: Your magical capacity is low. (-10% MP)
                  | [potion of mutation]
 92160 | Elf:3    | Lost mutation: Your magical capacity is low. (-10% MP)
                  | [potion of mutation]
 92160 | Elf:3    | Gained mutation: Your body sometimes deteriorates upon
                  | taking damage. [potion of mutation]
 92160 | Elf:3    | Gained mutation: You are clumsy. (Dex -2) [potion of
                  | mutation]
 92160 | Elf:3    | Gained mutation: Your flesh is cold resistant. (rC+)
                  | [potion of mutation]
 92198 | Elf:3    | Lost mutation: Your body sometimes deteriorates upon taking
                  | damage. [potion of mutation]
 92198 | Elf:3    | Lost mutation: You are clumsy. (Dex -2) [potion of
                  | mutation]
 92198 | Elf:3    | Gained mutation: Your body sometimes deteriorates upon
                  | taking damage. [potion of mutation]
 92198 | Elf:3    | Gained mutation: Your flesh is very cold resistant. (rC++)
                  | [potion of mutation]
 92198 | Elf:3    | Gained mutation: Your muscles are strong. (Str +4, Int/Dex
                  | -1) [potion of mutation]
 92387 | D:13     | Lost mutation: Your flesh is very cold resistant. (rC++)
                  | [potion of mutation]
 92387 | D:13     | Lost mutation: Your muscles are strong. (Str +4, Int/Dex
                  | -1) [potion of mutation]
 92387 | D:13     | Gained mutation: Your system is resistant to poisons.
                  | (rPois) [potion of mutation]
 92387 | D:13     | Gained mutation: Your tail ends in a venomous barb. [potion
                  | of mutation]
 92387 | D:13     | Lost mutation: Your tail ends in a venomous barb. [potion
                  | of mutation]
 92451 | D:14     | Lost mutation: Your body sometimes deteriorates upon taking
                  | damage. [potion of mutation]
 92451 | D:14     | Lost mutation: Your system is resistant to poisons. (rPois)
                  | [potion of mutation]
 92451 | D:14     | Lost mutation: Your flesh is cold resistant. (rC+) [potion
                  | of mutation]
 92451 | D:14     | Gained mutation: You have hidden genetic potential. [potion
                  | of mutation]
 92451 | D:14     | Gained mutation: You are weak. (Str -2) [potion of
                  | mutation]
 92451 | D:14     | Gained mutation: You possess an exceptional clarity of
                  | mind. [potion of mutation]
 92666 | Zot:1    | Entered Level 1 of the Realm of Zot
 92815 | Zot:1    | Noticed Vv
 92839 | Zot:1    | Killed Vv
 93423 | Zot:1    | Reached skill level 26 in Earth Magic
 94045 | Zot:1    | Got the Collected Works on the Destructive Welkin
 96342 | Zot:3    | Reached skill level 15 in Ranged Weapons
 97101 | Zot:3    | Reached skill level 27 in Earth Magic
 97351 | Zot:3    | Reached XP level 26. HP: 254/254 MP: 27/38
 98158 | Zot:4    | Gained mutation: You have an increased reservoir of magic.
                  | (+10% MP) [hidden potential]
 98974 | Zot:4    | Noticed an orb of fire
 98975 | Zot:4    | Gained mutation: Your body sometimes deteriorates upon
                  | taking damage. [an orb of fire]
 98976 | Zot:4    | Gained mutation: You occasionally shout uncontrollably at
                  | your foes. [an orb of fire]
 98992 | Zot:4    | Lost mutation: You possess an exceptional clarity of mind.
                  | [an orb of fire]
 99504 | D:4      | Learned a level 8 spell: Lehudib's Crystal Spear
100035 | Zot:4    | Gained mutation: You sometimes lose your temper in combat.
                  | [an orb of fire]
100038 | Zot:4    | Killed an orb of fire
101100 | Vaults:1 | Bought a potion of mutation for 112 gold pieces
101782 | Depths:1 | Lost mutation: You sometimes lose your temper in combat.
                  | [potion of mutation]
101782 | Depths:1 | Lost mutation: You are weak. (Str -2) [potion of mutation]
101782 | Depths:1 | Gained mutation: You possess an exceptional clarity of
                  | mind. [potion of mutation]
101782 | Depths:1 | Lost mutation: You have an increased reservoir of magic.
                  | (+10% MP) [potion of mutation]
102200 | Zot:5    | Entered Level 5 of the Realm of Zot
103369 | Zot:5    | Noticed an ancient lich
103392 | Zot:5    | Killed an ancient lich
103682 | Zot:5    | Noticed an orb of fire
103685 | Zot:5    | Gained mutation: You are frail. (-10% HP) [an orb of fire]
103685 | Zot:5    | Gained mutation: You are dopey. (Int -2) [an orb of fire]
103686 | Zot:5    | Gained mutation: You are covered in fur. (AC +1) [an orb of
                  | fire]
103687 | Zot:5    | Gained mutation: You are very frail. (-20% HP) [an orb of
                  | fire]
103698 | Zot:5    | Killed an orb of fire
103707 | Zot:5    | Noticed an ancient lich
103746 | Zot:4    | Lost mutation: You are dopey. (Int -2) [potion of mutation]
103746 | Zot:4    | Lost mutation: You are very frail. (-20% HP) [potion of
                  | mutation]
103746 | Zot:4    | Gained mutation: Your spells are a little easier to cast,
                  | but a little less powerful. [potion of mutation]
103747 | Zot:4    | Lost mutation: You are frail. (-10% HP) [potion of
                  | mutation]
103747 | Zot:4    | Lost mutation: You possess an exceptional clarity of mind.
                  | [potion of mutation]
103747 | Zot:4    | Lost mutation: Your spells are a little easier to cast, but
                  | a little less powerful. [potion of mutation]
103747 | Zot:4    | Gained mutation: You passively dampen the noise of your
                  | surroundings. [potion of mutation]
103747 | Zot:4    | Gained mutation: Your spells are a little easier to cast,
                  | but a little less powerful. [potion of mutation]
103747 | Zot:4    | Lost mutation: You occasionally shout uncontrollably at
                  | your foes. [potion of mutation]
103855 | Zot:5    | Noticed an ancient lich
103865 | Zot:5    | Killed an ancient lich
103912 | Zot:5    | Noticed an ancient lich
103919 | Zot:5    | Killed an ancient lich
103922 | Zot:5    | Killed an ancient lich
104217 | Zot:5    | Noticed a dread lich
104220 | Zot:5    | Killed a dread lich
104281 | Zot:5    | Noticed an ancient lich
104284 | Zot:5    | Killed an ancient lich
104284 | Zot:5    | Noticed an ancient lich
104446 | Zot:5    | Killed an ancient lich
104447 | Zot:5    | Reached XP level 27. HP: 270/270 MP: 33/38
104547 | Zot:5    | Noticed an orb of fire
104554 | Zot:5    | Killed an orb of fire
104589 | Zot:5    | Noticed a dread lich
104610 | Zot:5    | Killed a dread lich
105327 | Zot:5    | Got the Orb of Zot
105549 | Depths:4 | Noticed Fowkauv the pandemonium lord
105910 | D:5      | Gained mutation: Your mind is acute. (Int +4, Str/Dex -1)
                  | [hidden potential]
105910 | D:5      | Lost mutation: You have hidden genetic potential. [hidden
                  | potential expressed]
106053 | D:$      | Escaped with the Orb!

Illustrated notes

Levels and vault maps discovered:
D:1:      kb_arrival_jail, layout_loops_ring, kennysheep_another_room,
          chequers_serial_rivers_large_a
D:2:      layout_basic, basic_altar, uniq_natasha
D:3:      layout_loops_ring, ebering_ghost_reflecting_pool, kennysheep_nub
D:4:      layout_cave_pools, serial_shops, nicolae_shop_crystal, kennysheep_mini
D:5:      layout_layer_cave, serial_glass, glass_columns_a, glass_columns_a,
          wad_rectangle_vault
D:6:      minmay_angry_zag, layout_loops_ring, mainiacjoe_overflow_tiny_flanked,
          tso_metal_star, minmay_temple_entry_gardened_gates, serial_glass,
          glass_columns_a, glass_columns_a, uniq_maggie
D:7:      layout_gridville, uniq_menkaure, uniq_crazy_yiuf_cottage
D:8:      layout_loops_cross, lemuel_zombie_altar_kikubaaqudgha
D:9:      layout_roguey, mainiacjoe_overflow_cross_hatched, uniq_erica
D:10:     layout_irregular_city, serial_shops, shop
D:11:     layout_loops_corners, david_lair_shrubbed, serial_shops,
          nicolae_take_the_stairs, slow_altar_1
D:12:     layout_small_grid, erik_orc_3, lemuel_blue_sif_altar
D:13:     layout_roguey, david_vaults_1, muffindrake_ghost_dual_entry,
          fiery_altar_vehumet, uniq_sonja
D:14:     layout_grid_maze, uniq_kirke
D:15:     grunt_enter_depths_giant_problem, layout_rooms, serial_shops, shop,
          evilmike_butchery
Temple:   nicolae_temple_no_exploring_needed
Lair:1:   layout_cave_pods, grunt_megastairs_2, infiniplex_staircase_pool
Lair:2:   layout_small_grid, serial_bayou_shore_b
Lair:3:   layout_cave_pods, nicolae_swamp_entry_splash_gauntlet,
          spider_nest_entry_funnel_web, uniq_gastronok
Lair:4:   layout_long_grid, dpeg_slime_entry_corner, serial_bayou_shore_a
Lair:5:   hangedman_lair_in_review, layout_regular_city, wormcave,
          grunt_forest_large_clearing_hut
Swamp:1:  layout_basic_swamp, evilmike_swamp_ruin_house_2
Swamp:2:  layout_basic_swamp, evilmike_swamp_ruin_house_6
Swamp:3:  layout_basic_swamp, evilmike_swamp_ruin_rubble_1,
          roderic_carrion_pond, infiniplex_staircase_pool_2
Swamp:4:  swamp_icy, layout_basic_swamp
Spider:1: layout_chambers, drop_trap
Spider:2: layout_cave_pods, nicolae_spider_stair_cavern
Spider:3: layout_cave_pods, uniq_jorgrun
Spider:4: hellmonk_spider_rune_endless_swarm
Slime:1:  layout_caves, basic_altar, nicolae_slime_phagocytosis
Slime:2:  layout_caves, cheibrodos_slime_lost_civilization_6
Slime:3:  layout_caves, uniq_dissolution
Slime:4:  layout_caves, cheibrodos_slime_lost_civilization_4
Slime:5
Orc:1:    nicolae_orc_accident_2, layout_caves, uniq_fannar
Orc:2:    hellmonk_orc_salted, layout_caves
Elf:1:    eino_elf_arrival_the_gate, layout_onion_city, minivault_28
Elf:2:    nicolae_elf_blades_splatter_lattice
          [nicolae_blade_entry_splitting_headache], layout_loops_cross,
          minmay_misc_feat_pillars, evilmike_ambush
          [evilmike_ambush_outer_corners, evilmike_ambush_inner_basic],
          uniq_donald
Elf:3:    elf_hall, layout_rooms, serial_shops, nicolae_shop_behind_doors,
          uniq_roxanne
Vaults:1: vaults_mumra_minichess_inversion, dpeg_vaults_pockets_of_resistance,
          nicolae_vaults_asterisk, v_misc_26,
          nicolae_vaults_windows_and_doors_thing, vaults_room_corners,
          vaults_dpeg_ring, vaults_dpeg_emergency_exit, layout_vaults_omnigrid,
          serial_shops, nicolae_diamond_shop
Vaults:2: hangedman_vaults_maws, hangedman_vaults_unwind, v_misc_24,
          nicolae_vaults_little_squares_6, minmay_crypt_entry_simple_corners,
          v_misc_28, v_misc_14, vaults_dpeg_hooks, nicolae_vaults_what_the_h,
          nicolae_vaults_little_ls, layout_vaults_omnibox
Vaults:3: hangedman_vaults_corner, v_alt_pattern_5, vaults_room_grid,
          vaults_standard_mumra_x, v_misc_17, vaults_room_hangedman_quadrants,
          v_misc_5, v_misc_22, nicolae_vaults_little_squares_4,
          vaults_mumra_hexcomb, layout_vaults_ring
Vaults:4: v_pattern_2, ontoclasm_vaults_loading_screen,
          ontoclasm_vaults_gateway, nicolae_vaults_hallways_thing,
          vaults_room_door_ring, v_misc_18, grunt_vaults_funnel,
          nicolae_vaults_little_squares_6, hangedman_vaults_restitches,
          v_misc_26, vaults_room_grunt_arrival_ludios, layout_vaults_maze_bifur,
          serial_shops, freezing_bzr
Vaults:5
Crypt:1:  layout_chaotic_city, nicolae_crypt_ancient_font
Crypt:2:  layout_misc_corridors, corner_web_ring, nicolae_danse_macabre,
          uniq_margery
Crypt:3:  quadcrypt_mu
Depths:1: layout_cross, hell_entry, chequers_serial_rivers_small_a,
          uniq_bai_suzhen
Depths:2: minmay_distorted_concentric_squares, layout_small_grid, hell_entry,
          enter_trove_5, rand_demon_pan_entry_5, serial_bayou_shore_b,
          uniq_saint_roka
Depths:3: minmay_the_grid_plus_closed [minmay_the_grid_x,
          minmay_the_grid_dragon_a, minmay_the_grid_armoury,
          minmay_the_grid_dragon_b, minmay_the_grid_prize_big_room],
          layout_gridlike, lightli_too_deep, abyss_entry,
          chequers_serial_rivers_small_3, pan_entry, guppyfry_shop_venom
Depths:4: evilmike_zot_entry_hall, layout_basic, enter_ziggurat_a, abyss_entry,
          hangedman_coc_ice_floe, kennysheep_pointless_box, uniq_frederick
Zot:1:    layout_onion, zot_minivault_2, grunt_megastairs_1, uniq_vv
Zot:2:    layout_misc_corridors, grunt_megastairs_4
Zot:3:    layout_gridlike
Zot:4:    layout_misc_corridors, zot_minivault_1
Zot:5:    layout_gridlike

Skill      XL: |  1  2  3  4  5  6  7  8  9 10 11 12 13 14 15 16 17 18 19 20 21 22 23 24 25 26 |
---------------+-------------------------------------------------------------------------------+-----
Stealth        | 2 |  2.0
Dodging        | 2 3 4 5 6 7 8 9 10 | 10.0
Fighting       | 1 2 3 4 5 6 8 9 10 11 12 13 14 16 17 18 19 20 21 22 24 26 | 26.6
Short Blades   | 1 4 6 9 11 | 11.0
Spellcasting   | 3 4 5 6 7 8 9 10 11 | 11.0
Conjurations   | 5 6 7 8 9 10 11 12 14 15 16 17 18 19 20 21 22 24 | 24.7
Earth Magic    | 1 2 4 7 8 9 10 12 15 18 20 22 23 25 27 | 27.0
Evocations     | 1 3 |  3.0
Throwing       | 1 3 |  3.0
Translocations | 2 3 |  3.0
Maces & Flails | 3 5 6 7 8 9 10 11 13 14 | 14.5
Shields        | 2 4 6 9 10 | 10.0
Ice Magic      | 2 4 5 |  5.0
Hexes          | 3 |  3.0
Ranged Weapons | 3 5 8 10 11 12 13 14 15 | 15.0
Air Magic      | 3 |  3.0

Action                   |  1- 3 |  4- 6 |  7- 9 | 10-12 | 13-15 | 16-18 | 19-21 | 22-24 | 25-27 || total
-------------------------+-------+-------+-------+-------+-------+-------+-------+-------+-------++-------
Melee: Unarmed           |     2 |       |       |       |       |       |       |       |       ||     2
       Tailslap          |     3 |     3 |    10 |    27 |    29 |     9 |    13 |    24 |    22 ||   140
       Dagger            |    17 |    20 |    37 |    70 |    48 |    29 |    41 |    11 |    18 ||   291
       Morningstar       |       |       |       |    10 |    51 |       |       |       |       ||    61
       Hand axe          |       |       |       |       |       |     4 |       |       |       ||     4
       Flail             |       |       |       |       |       |       |       |    85 |    37 ||   122
 Fire: Sling             |     1 |       |       |       |       |    78 |    94 |    47 |    60 ||   280
Throw: Dart              |       |       |     5 |     8 |     6 |       |       |       |       ||    19
       Boomerang         |       |       |       |       |       |       |       |     1 |       ||     1
       Javelin           |       |       |       |       |       |       |       |     1 |     2 ||     3
 Cast: Magic Dart        |    81 |    46 |    41 |   130 |   174 |   115 |    52 |    73 |    88 ||   800
       Searing Ray       |     4 |    24 |    59 |   182 |    41 |    10 |     9 |     5 |     1 ||   335
       Stone Arrow       |       |       |       |    50 |   735 |   603 |   149 |    39 |    20 ||  1596
       Frozen Ramparts   |       |       |       |     2 |    12 |     6 |     2 |       |       ||    22
       Iskenderun's Myst |       |       |       |       |    48 |    21 |    16 |    22 |     2 ||   109
       Leda's Liquefacti |       |       |       |       |     5 |     3 |     3 |       |       ||    11
       Freezing Cloud    |       |       |       |       |     9 |    50 |    61 |    29 |    45 ||   194
       Iron Shot         |       |       |       |       |       |   261 |   626 |   837 |   679 ||  2403
       Orb of Destructio |       |       |       |       |       |    23 |    24 |     7 |    13 ||    67
       Shatter           |       |       |       |       |       |       |       |    82 |    41 ||   123
       Lehudib's Crystal |       |       |       |       |       |       |       |       |    72 ||    72
Evoke: Wand              |       |       |       |     6 |       |     6 |     7 |       |       ||    19
       Condenser vane    |       |       |       |       |       |       |     1 |       |       ||     1
       Lightning rod     |       |       |       |       |       |       |       |     3 |       ||     3
       Tin of tremorston |       |       |       |       |       |       |       |     2 |       ||     2
  Use: Scroll            |       |     1 |     8 |    19 |    13 |    23 |     6 |     7 |    11 ||    88
       Potion            |       |       |     1 |     1 |     2 |    19 |     4 |     2 |    13 ||    42
Armor: Skin              |    10 |     6 |    32 |   138 |   206 |   187 |   154 |   244 |   147 ||  1124
Dodge: Dodged            |    19 |    10 |    73 |   411 |   330 |   379 |   283 |   324 |   272 ||  2101
Block: Buckler           |       |       |       |       |       |       |    92 |   284 |   150 ||   526
       Reflection        |       |       |       |       |       |       |    13 |    26 |       ||    39

Table legend: (Time is in decaauts)
 A = Elapsed time spent in this place.
 B = Non-inter-level travel time spent in this place.
 C = Inter-level travel time spent in this place.
 D = Time resting spent in this place.
 E = Time spent auto-exploring this place.
 F = Levels seen in this place.
 G = Mean time per level.
                   A        B        C        D        E       F      G
               +--------+--------+--------+--------+--------+-----+--------+
         Total | 109122 |  96064 |  13058 |  30851 |  46459 |  57 | 1914.4 |
       Dungeon |  26413 |  22243 |   4170 |   5335 |  13403 |  15 | 1760.9 |
        Temple |     14 |     14 |      0 |      0 |      0 |   1 |   14.0 |
          Lair |  10608 |   9181 |   1427 |   1687 |   6193 |   5 | 2121.6 |
         Swamp |   4115 |   3958 |    157 |    971 |   2218 |   4 | 1028.8 |
   Spider Nest |   9631 |   9036 |    595 |   3463 |   4187 |   4 | 2407.8 |
    Slime Pits |   5102 |   4509 |    593 |   1635 |   1644 |   5 | 1020.4 |
  Orcish Mines |   4033 |   3274 |    759 |    947 |   1828 |   2 | 2016.5 |
   Elven Halls |   6723 |   5859 |    864 |   2417 |   1948 |   3 | 2241.0 |
        Vaults |  15273 |  13462 |   1811 |   5409 |   6108 |   5 | 3054.6 |
         Crypt |   6231 |   5900 |    331 |   1971 |   2093 |   3 | 2077.0 |
        Depths |  10559 |   9202 |   1357 |   3810 |   3716 |   4 | 2639.8 |
           Zot |  10272 |   9283 |    989 |   3203 |   3117 |   5 | 2054.4 |
        Bazaar |    143 |    143 |      0 |      0 |      0 |   1 |  143.0 |
               +--------+--------+--------+--------+--------+-----+--------+

Top non-repeatable levels by time:
Vaults:4: 4972 daAuts
  Lair:5: 3485 daAuts
Vaults:1: 3321 daAuts
   Elf:2: 3203 daAuts
Spider:4: 3057 daAuts
Depths:4: 2960 daAuts
Vaults:2: 2947 daAuts
Depths:3: 2944 daAuts
   Zot:5: 2851 daAuts
    D:12: 2799 daAuts
 Crypt:3: 2669 daAuts
    D:13: 2619 daAuts
Depths:1: 2601 daAuts
Spider:3: 2446 daAuts
   Orc:2: 2354 daAuts
